 Dungeon Crawl Stone Soup version 0.26.1-11-gd32895ea62 (webtiles) character file.

Game seed: 14903198327407149743

2201 RepoMan the Thaumaturge (level 9, -6/57 HPs)
             Began as a Mummy Conjurer on July 24, 2021.
             Was a Believer of Fedhas.
             Killed from afar by Harold (10 damage)
             ... with a harpoon shot
             ... on level 7 of the Dungeon.
             The game lasted 00:41:11 (8164 turns).

RepoMan the Thaumaturge (Mummy Conjurer)            Turns: 8164, Time: 00:41:12

Health: -6/57      AC:  1    Str: 10    XL:     9   Next: 12%
Magic:  4/22       EV: 12    Int: 21    God:    Fedhas [**....]
Gold:   280        SH:  4    Dex: 10    Spells: 17/27 levels left

rFire    . . .     SeeInvis .   q - +3 rapier (vamp)
rCold    + + .     Faith    .   f - +0 buckler
rNeg     + + +     Spirit   .   a - +0 robe
rPois    ∞         Reflect  .   k - -2 hat of the Alchemist {rElec rPois rF+ rC+ rN+ Will+ rMut rCorr}
rElec    +         Harm     .   (no cloak)
rCorr    +         Rampage  .   (no gloves)
rMut     +                      n - +0 pair of boots
Will     ++...                  (no amulet)
Stlth    ++........             (no ring)
HPRegen  0.19/turn              (no ring)
MPRegen  0.18/turn

@: no status effects
A: no potions, fire vulnerability, cold resistance 1, negative energy resistance
3, torment resistance, unbreathing
a: Renounce Religion, Wall of Briars


You were on level 7 of the Dungeon.
You worshipped Fedhas.
Fedhas was pleased with you.
You visited 2 branches of the dungeon, and saw 8 of its levels.
You also visited: Sewer.

You collected 280 gold pieces.

Inventory:

Hand Weapons
 e - a +1 dagger of venom
 q - a +3 vampiric rapier (weapon)
Armour
 a - a +0 robe (worn)
 f - a +0 buckler (worn)
 k - the -2 hat of the Alchemist (worn) {rElec rPois rF+ rC+ rN+ Will+ rMut rCorr}
   (You found it on level 4 of the Dungeon)

   It protects you from fire.
   It protects you from cold.
   It insulates you from electricity.
   It protects you from poison.
   It protects you from negative energy.
   It affects your willpower, your defense against some magical effects.
   It provides partial protection from all sources of acid and corrosion.
   It protects you from mutation.
 n - a +0 pair of boots (worn)
Wands
 h - a wand of polymorph (6)
 j - a wand of flame (15)
 m - a wand of random effects (12)
Scrolls
 b - a scroll of magic mapping {unknown}
 c - 3 scrolls of teleportation
 d - 7 scrolls of remove curse
 g - 3 scrolls of amnesia
 i - 3 scrolls of identify
 l - a scroll of enchant weapon
 o - 3 scrolls of blinking {unknown}
 p - a scroll of enchant armour
 r - a scroll of acquirement {unknown}
 t - a scroll of summoning {unknown}


   Skills:
 - Level 1.5 Dodging
 - Level 1.5 Stealth
 - Level 4.0 Shields
 + Level 9.6 Spellcasting
 + Level 7.3 Conjurations
 * Level 0.6 Invocations


You had 17 spell levels left.
You knew the following spells:

 Your Spells              Type           Power        Failure   Level
d - Dazzling Flash        Conj/Hex       50%          4%          3
e - Searing Ray           Conj           80%          1%          2
x - Iskenderun's Mystic   Conj/Tloc      25%          16%         4
z - Magic Dart            Conj           100%         1%          1

Your spell library contained the following spells:

 Spells                   Type           Power        Failure   Level
 Fulminant Prism          Conj/Hex       12%          16%         4
 Beastly Appendage        Tmut           Unusable     N/A         1
 Wereblood                Tmut           Unusable     N/A         2
 Spider Form              Tmut/Pois      Unusable     N/A         3
 Ice Form                 Ice/Tmut       Unusable     N/A         4
 Blade Hands              Tmut           Unusable     N/A         5

Dungeon Overview and Level Annotations

Branches:
Dungeon (7/15)             Temple (1/1) D:4           Sewer (visited)

Altars:
Ashenzari
Cheibriados
Dithmenos
Elyvilon
Fedhas
Gozag
Hepliaklqana
Kikubaaqudgha
Makhleb
Nemelex Xobeh
Okawaru
Qazlal
Ru
Sif Muna
Trog
Uskayaw
Vehumet
Wu Jian
Xom
Yredelemnul
Zin
The Shining One

Annotations:
D:2 1 runed translucent door, Crazy Yiuf
D:7 Harold


Innate Abilities, Weirdness & Mutations

You do not drink.
Your flesh is vulnerable to fire.
You are immune to poison.
Your flesh is cold resistant. (rC+)
You are immune to negative energy. (rN+++)
You are immune to unholy pain and torment.
You can survive without breathing.


Message History

The floor, spattered with blood.
Unknown command.
Aiming: Polymorph
Press: ? - help, Shift-Dir - straight line, f - Harold
Aim: Harold, wielding a +2 dire flail of draining and wearing a +0 chain mail (severely wounded, will become a troll, a floating eye, or an elephant, chance to affect: 15%)
Okay, then.
Unknown command.
Unknown command.
A briar patch grows up from the ground. x5
Harold points at you and mumbles some strange words.
You barely resist.
Unknown command.
Harold hits your briar patch with a +2 dire flail of draining!
Harold hits your briar patch with a +2 dire flail of draining.
Harold hits your briar patch with a +2 dire flail of draining.
Okay, then.
Harold fires a harpoon shot at you. The harpoon shot hits you!
You die...
Fedhas appreciates your contribution to the ecosystem.

....# ##..#......###
.......##
####....####
........###....####
### ..............###
##.# ............###
###... ...........##
##..... ............#
##......
.......(....#
#.......
........@...#
########
............# #
.......PPP.## ##
......PPP### ######
#. .......@P#
###....### #.
!......#P###........#
#.
#.....##..#.........#
##. ######
#..(.........# #..
##...........# #..


You could see Harold.

Vanquished Creatures
  Pikel (D:6)
  A hornet (D:7)
  A sky beast (D:7)
  A phantom (D:4)
  An ogre (D:6)
  4 lemures (D:6)
  3 bullfrogs
  A scorpion (D:4)
  A water moccasin zombie (D:6)
  A howler monkey (D:5)
  A bullfrog zombie (D:5)
  A quasit (D:6)
  A hound (D:4)
  2 orc priests
  2 centaur skeletons (D:5)
  6 orc wizards
  2 gnoll shamans
  2 worker ants
  Ijyb (D:3)
  A hound skeleton (D:5)
  A worker ant zombie (D:7)
  Robin (D:3)
  18 gnolls
  7 adders
  A river rat (D:5)
  2 shadow imps (D:7)
  A white imp (D:7)
  An ooze (D:4)
  An adder zombie (D:6)
  3 adder skeletons
  2 worms (D:3)
  A dart slug (D:1)
  7 leopard geckos
  13 orcs
  6 ball pythons
  11 giant cockroaches
  13 goblins
  6 hobgoblins
  10 jackals
  3 quokkas
  5 bats
  11 frilled lizards
  2 kobolds (D:2)
  3 rats
163 creatures vanquished.

Notes
Turn   | Place    | Note
-------+----------+-------------------------------------------
     0 | D:1      | RepoMan the Mummy Conjurer began the quest for the Orb.
     0 | D:1      | Reached XP level 1. HP: 13/13 MP: 4/4
   363 | D:1      | Reached skill level 3 in Spellcasting
   532 | D:1      | Reached XP level 2. HP: 19/19 MP: 4/6
   535 | D:1      | Learned a level 2 spell: Searing Ray
  1346 | D:2      | Reached XP level 3. HP: 23/24 MP: 2/8
  1355 | D:2      | Reached skill level 4 in Spellcasting
  1565 | D:2      | Found a runed translucent door.
  1566 | D:2      | Noticed Crazy Yiuf
  1768 | D:2      | Reached XP level 4. HP: 30/30 MP: 6/10
  2310 | D:3      | Noticed Robin
  2317 | D:3      | Killed Robin
  2591 | D:3      | Noticed Ijyb
  2597 | D:3      | Killed Ijyb
  2598 | D:3      | Reached XP level 5. HP: 35/35 MP: 2/12
  3263 | D:4      | Reached skill level 5 in Spellcasting
  3424 | D:4      | Reached XP level 6. HP: 41/41 MP: 6/14
  3502 | D:4      | Found the -2 hat of the Alchemist {rElec rPois rF+ rC+ rN+
                  | Will+ rMut rCorr}
  3589 | D:4      | Found a staircase to the Ecumenical Temple.
  3600 | Temple   | Entered the Ecumenical Temple
  3724 | D:4      | Reached skill level 6 in Spellcasting
  3724 | D:4      | Reached skill level 5 in Conjurations
  4434 | D:4      | Reached skill level 1 in Shields
  4512 | D:5      | Entered Level 5 of the Dungeon
  4589 | D:5      | Reached XP level 7. HP: 26/46 MP: 5/16
  4989 | D:5      | Found a blossoming altar of Fedhas.
  4999 | D:5      | Became a worshipper of Fedhas Madash
  5017 | D:5      | Reached skill level 7 in Spellcasting
  5094 | D:5      | Found a glowing drain.
  5098 | Sewer    | Entered a sewer
  5160 | Sewer    | Learned a level 3 spell: Dazzling Flash
  5273 | Sewer    | Reached * piety under Fedhas
  5622 | D:5      | Found a white marble altar of Elyvilon.
  5703 | D:5      | Found a blossoming altar of Fedhas.
  5703 | D:5      | Found a shimmering altar of Xom.
  5705 | D:5      | Found an iron altar of Okawaru.
  5705 | D:5      | Found a shadowy altar of Dithmenos.
  5705 | D:5      | Found a glowing silver altar of Zin.
  5763 | D:5      | Reached XP level 8. HP: 45/52 MP: 10/19
  6183 | D:6      | Found a bloodstained altar of Trog.
  6231 | D:6      | Found an iron altar of Okawaru.
  6860 | D:6      | Found a sparkling altar of Nemelex Xobeh.
  6919 | D:6      | Noticed Pikel
  7105 | D:6      | Reached ** piety under Fedhas
  7168 | D:6      | Killed Pikel
  7169 | D:6      | Reached skill level 8 in Spellcasting
  7537 | D:7      | Reached skill level 9 in Spellcasting
  7746 | D:7      | Found a radiant altar of Vehumet.
  7757 | D:7      | Found a glowing golden altar of the Shining One.
  7788 | D:7      | Noticed a hornet
  7794 | D:7      | Killed a hornet
  7795 | D:7      | Reached XP level 9. HP: 50/57 MP: 11/22
  7917 | D:7      | Learned a level 4 spell: Iskenderun's Mystic Blast
  8137 | D:7      | Noticed Harold
  8164 | D:7      | Killed from afar by Harold

Illustrated notes

Levels and vault maps discovered:
D:1:      minmay_arrival_widening_spiral_wide, layout_loops_corners
D:2:      layout_basic, uniq_crazy_yiuf_cottage
D:3:      layout_loops_cross, minmay_crystal_room, uniq_ijyb, uniq_robin
D:4:      layout_basic, minmay_temple_entry_slanted, minmay_tree_intersection
D:5:      layout_gridville, doesnt_xom_only_xom, fedhas_altar_2,
          gup_sewer_entry_spiral, grunt_ministairs_8, grunt_decor_mini_mirrors
D:6:      layout_gridville, lemuel_crystal_altar, lemuel_crystal_altar,
          bloody_trog, uniq_pikel
D:7:      layout_cave_pods, kennysheep_mini, basic_altar, uniq_harold
Temple:   lightli_temple_of_artemis

Skill      XL: |  1  2  3  4  5  6  7  8 |
---------------+-------------------------+-----
Spellcasting   | 3 4 5 6 7 9 |  9.6
Conjurations   | 4 5 7 |  7.3
Shields        | 1 3 4 |  4.0
Dodging        | |  1.5
Stealth        | |  1.5
Invocations    | |  0.6

Action                   |  1- 3 |  4- 6 |  7- 9 || total
-------------------------+-------+-------+-------++-------
Melee: Dagger            |    17 |    14 |     9 ||    40
       Club              |     3 |       |       ||     3
       Unarmed           |     1 |       |       ||     1
       Rapier            |       |       |     4 ||     4
Throw: Throwing net      |       |       |     1 ||     1
 Cast: Magic Dart        |    35 |    40 |    39 ||   114
       Searing Ray       |     3 |    26 |    54 ||    83
Invok: Wall of Briars    |       |       |     2 ||     2
Evoke: Wand              |       |       |     2 ||     2
  Use: Scroll            |       |     5 |     3 ||     8
Armor: Robe              |     6 |       |     2 ||     8
Dodge: Dodged            |    12 |    18 |    21 ||    51
Block: Buckler           |       |       |    13 ||    13
